 Dungeon Crawl Stone Soup version 0.30.1-9-gdf580d7c3d (webtiles) character file.

Game seed: 16609728993647578087

30608 eliilek the Fighter (level 13, -4/102 (124) HPs)
             Began as a Minotaur Fighter on Oct 3, 2023.
             Was a High Priest of Dithmenos.
             Slain by a spriggan rider
             ... wielding a +0 spear
              (13 damage)
             ... on level 3 of the Lair of Beasts.
             The game lasted 00:49:32 (15326 turns).

eliilek the Fighter (Minotaur Fighter)             Turns: 15326, Time: 00:49:32

HP:   -4/102 (124)  AC: 21    Str: 23    XL:     13   Next: 21%
MP:   7/12          EV: 10    Int:  5    God:    Dithmenos [*****.]
Gold: 814           SH: 12    Dex: 13    Spells: 12/12 levels left

rFire   . . .        a - +4 eveningstar (freeze)
rCold   . . .        L - +0 kite shield
rNeg    + . .        i - +0 pearl dragon scales
rPois   .            (helmet restricted)
rElec   .            s - +0 cloak
rCorr   +            f - +0 pair of gloves
SInv    +            (no boots)
Will    .....        v - amulet of regeneration Stlth
                     z - +4 ring of protection
HPRegen 1.17/turn    N - ring "Yrad" {rCorr SInv}
MPRegen 0.13/turn

%: no passive effects
@: slowed, wreathed by umbra, heavily drained, very slow
A: horns 2, retaliatory headbutt
a: Renounce Religion, Shadow Step, Shadow Form


You were on level 3 of the Lair of Beasts.
You worshipped Dithmenos.
Dithmenos was extremely pleased with you.
You visited 2 branches of the dungeon, and saw 13 of its levels.
You also visited: Ossuary.

You collected 1023 gold pieces.
You spent 209 gold pieces at shops.

Inventory:

Hand Weapons
 a - a +4 eveningstar of freezing (weapon)
 b - a +1 sling
Missiles
 k - 66 poisoned darts (quivered)
 E - 3 curare-tipped darts
Armour
 f - a +0 pair of gloves (worn)
 i - +0 pearl dragon scales (worn)
 s - a +0 cloak (worn)
 L - a +0 kite shield (worn)
Jewellery
 t - a ring of flight
 v - an amulet of regeneration (around neck)
 z - a +4 ring of protection (left hand)
 N - the ring "Yrad" (right hand) {rCorr SInv}
   (You found it on level 3 of the Lair of Beasts)

   [ring of resist corrosion]

   SInv:      It lets you see invisible.
   rCorr:     It protects you from acid and corrosion.
Wands
 u - a wand of quicksilver (20)
 x - a wand of charming (23)
 A - a wand of iceblast (7)
 D - a wand of polymorph (2)
 J - a wand of mindburst (15)
 K - a wand of flame (35)
Scrolls
 c - a scroll of identify
 h - 8 scrolls of teleportation
 n - 2 scrolls of enchant armour {unknown}
 o - 2 scrolls of enchant weapon
 p - 4 scrolls of fog
 r - 2 scrolls of fear
 y - 4 scrolls of magic mapping
 C - 3 scrolls of blinking
 M - a scroll of amnesia
Potions
 d - 2 potions of might
 e - 4 potions of ambrosia
 j - a potion of resistance
 l - 6 potions of curing
 m - 3 potions of flight
 q - 5 potions of mutation
 w - 4 potions of cancellation
 B - 2 potions of haste {unknown}
 F - a potion of lignification
 H - a potion of berserk rage {unknown}
 I - a potion of degeneration {unknown}


   Skills:
 + Level 14.2 Fighting
 + Level 14.1 Maces & Flails
 - Level 10.0 Ranged Weapons
 + Level 10.3 Armour
 * Level 2.8 Dodging
 + Level 12.3 Shields


You had 12 spell levels left.
You didn't know any spells.
Your spell library contained the following spells:

 Spells                   Type           Power      Damage    Failure   Level
 Sandblast                Erth           0%         2d4       91%         1
 Cigotuvi's Dreadful Rot  Necr/Pois/Air  0%         N/A       97%         2
 Ensorcelled Hibernation  Hex/Ice        0%         N/A       97%         2
 Passwall                 Tmut/Erth      0%         N/A       97%         2
 Hailstorm                Conj/Ice       0%         3d3       100%        3
 Ignite Poison            Fire/Tmut/Pois 0%         N/A       100%        3
 Spider Form              Tmut/Pois      0%         N/A       100%        3
 Stone Arrow              Conj/Erth      0%         3d7       100%        3
 Swiftness                Air            0%         N/A       100%        3
 Vhi's Electric Charge    Tloc/Air       0%         N/A       100%        3
 Anguish                  Hex/Necr       0%         N/A       100%        4
 Ice Form                 Ice/Tmut       0%         N/A       100%        4
 Arcjolt                  Conj/Air       0%         1d10      100%        5
 Freezing Cloud           Conj/Ice/Air   0%         6-21      100%        5
 Plasma Beam              Fire/Air       0%         2x1d11    100%        6
 Simulacrum               Ice/Necr       0%         N/A       100%        6


Dungeon Overview and Level Annotations

Branches:
Dungeon (10/15)            Temple (0/1) D:6            Lair (3/5) D:10
 Shoals (0/4) Lair:3       Spider (0/4) Lair:2      Ossuary (visited)
    Orc: D:9-12

Altars:
Ashenzari
Cheibriados
Dithmenos
Elyvilon
Fedhas
Gozag
Hepliaklqana
Kikubaaqudgha
Okawaru
Ru
Uskayaw
Vehumet
Xom

Shops:
D:2 ((=?   D:8 **   D:9 !


Innate Abilities, Weirdness & Mutations

You have a pair of horns on your head.
You reflexively headbutt those who attack you in melee.


Message History

You completely miss Cuisch's ghost.
Cuisch's ghost is almost destroyed.
Your shadow closely misses Cuisch's ghost.
You feel very sick. You block Cuisch's ghost's attack.
The spriggan rider barely misses you.
Cuisch's ghost points at you and mumbles some strange words.
You struggle to resist.
You bludgeon Cuisch's ghost!! You freeze Cuisch's ghost.
You destroy Cuisch's ghost!
Dithmenos accepts your kill.
You feel sick.
The spriggan rider hits you from afar with a +0 spear!
* * * LOW HITPOINT WARNING * * *
The wolf bites you!
* * * LOW HITPOINT WARNING * * *
You miss the wolf. Your headbutt misses the wolf.
You feel sick. You block the wolf's attack.
The spriggan rider hits you but does no damage.
The wolf bites you but does no damage.
The spriggan rider hits you but does no damage.
You block the wolf's attack.
Unknown command.
You feel sick. The wolf barely misses you. The wolf attacks as you move away!
You block the wolf's attack.
You feel sick.
You are no longer poisoned.
You block the wolf's attack. The wolf closely misses you.
The wolf attacks as you move away! The wolf barely misses you.
You furiously retaliate!
You headbutt the wolf!
The spriggan rider hits you from afar with a +0 spear.
* * * LOW HITPOINT WARNING * * *
You block the wolf's attack.
The black bear attacks as you move away!
You block the black bear's attack.
The black bear claws you but does no damage.
The black bear barely misses you. The wolf barely misses you.
You furiously retaliate!
You headbutt the wolf. You block the spriggan rider's attack.
The wolf bites you but does no damage. The wolf misses you.
You furiously retaliate!
You headbutt the wolf.
The spriggan rider hits you from afar with a +0 spear!
You die...

...#♣[.§.§#8.§§..........÷.......
...# .♣§ii#..§§§..........P..#+..
.#.# ♣i♣ii§§§§§###........#.#.##
####♣...§♣#§§##§.##.......###..##
####♣....♣#8§§...##........##..##
#..#♣♣.. ♣##§ii.§#........##P..#.
#..##♣♣ ♣..##§i...#........#....#
#.#.# ♣♣♣ ##.hh##.<<....###...#
#.############..@.........P##+.##
..##.##.....##....#.......###.##
............#.#...#.......P..+###
.............#...##..............
.................................
.................................
.................................
.............>...................
###.#P...........................


You could see 2 spriggan riders, a black bear, a spriggan and a wolf.

Vanquished Creatures
  The ghost of Cuisch the Unseen, a journeyman KoBr of Wu Jian (Lair:3)
  2 hydras
  The ghost of spheroid the Blocker, a novice MiFi of the Shining One (D:8)
  5 two-headed ogres
  Urug (Lair:2)
  The ghost of tyreese12 the Cleaver, a novice MiFi of Okawaru (D:7)
  A cyclops (D:8)
  An ugly thing (D:8)
  6 elephants (Lair:3)
  A black mamba (Lair:2)
  A torpor snail (Lair:1)
  2 merfolk sirens (Lair:3)
  Maggie (D:8)
  5 cane toads
  An unseen horror (D:10)
  Psyche (D:8)
  9 komodo dragons
  3 rime drakes
  2 trolls
  A merfolk (Lair:3)
  7 blink frogs (Lair:1)
  3 wyverns
  22 yaks
  2 steam dragons (D:9)
  A wraith (D:9)
  2 redbacks (Lair:2)
  4 vampire mosquitoes (D:9)
  6 water moccasins
  Duvessa (D:4)
  3 black bears
  6 orc warriors
  2 sky beasts (D:7)
  4 centaurs
  9 wolves
  A phantom (D:7)
  12 bullfrogs
  11 kobold brigands
  2 wyvern zombies (Ossuary)
  2 gnoll sergeants
  2 scorpions
  3 water moccasin zombies (Ossuary)
  11 wights
  A water moccasin skeleton (D:3)
  Dowan (D:4)
  13 killer bees
  2 electric eels (D:10)
  9 howler monkeys
  2 centaur zombies (Ossuary)
  A lava snake (D:8)
  5 bullfrog zombies (Ossuary)
  2 jellies (D:5)
  3 orc priests
  5 hounds
  Natasha (thrice) (D:2)
  4 orc wizards
  14 iguanas
  3 killer bee zombies (Ossuary)
  2 hound zombies (D:3)
  A hound skeleton (D:3)
  14 mummies
  A howler monkey zombie (Ossuary)
  Robin (D:2)
  8 gnolls
  9 adders
  2 white imps (D:6)
  2 ufetubi
  An adder skeleton (D:3)
  An adder zombie (D:3)
  A worm (D:2)
  22 orcs
  9 ball pythons
  8 bats
  9 endoplasms
  2 giant cockroaches
  18 goblins
  6 hobgoblins
  2 quokkas
  A ball python zombie (D:3)
  21 frilled lizards
  19 kobolds
  4 rats
394 creatures vanquished.

Notes
Turn   | Place    | Note
-------+----------+-------------------------------------------
     0 | D:1      | eliilek the Minotaur Fighter began the quest for the Orb.
     0 | D:1      | Reached XP level 1. HP: 19/19 MP: 0/0
    76 | D:1      | Found a faded altar of an unknown god.
    84 | D:1      | Prayed at the altar of an unknown god.
    84 | D:1      | Became a worshipper of Dithmenos the Shadowed
    84 | D:1      | Reached * piety under Dithmenos
   167 | D:1      | Reached XP level 2. HP: 27/27 MP: 1/1
   791 | D:2      | Noticed Natasha
   796 | D:2      | Killed Natasha
   797 | D:2      | Reached XP level 3. HP: 29/33 MP: 2/2
   851 | D:2      | Found Tynaag's Antique Weapon Shoppe.
   889 | D:2      | Noticed Robin
   908 | D:2      | Reached ** piety under Dithmenos
   917 | D:2      | Killed Robin
   918 | D:2      | Reached XP level 4. HP: 15/40 MP: 3/3
  1210 | D:2      | Found Ithreryso's Jewellery Boutique.
  1217 | D:2      | Found Iqihu's Magic Scroll Shoppe.
  1225 | D:2      | Bought a scroll of identify for 22 gold pieces
  1225 | D:2      | Bought a scroll of identify for 22 gold pieces
  1225 | D:2      | Bought a scroll of identify for 22 gold pieces
  1574 | D:2      | Noticed Natasha
  1588 | D:2      | Killed Natasha
  1615 | D:2      | Noticed Natasha
  1621 | D:2      | Killed Natasha
  1622 | D:2      | Reached skill level 5 in Shields
  1622 | D:2      | Reached XP level 5. HP: 27/47 MP: 4/4
  1730 | D:2      | Found Tiogaalaer's Weapon Shop.
  1860 | D:2      | Identified the +0 robe of Wicked Amelioration {-Tele
                  | Rampage rElec rN++}
  2142 | D:3      | Reached skill level 1 in Ranged Weapons
  2490 | D:3      | Reached *** piety under Dithmenos
  2628 | D:3      | Reached XP level 6. HP: 42/53 MP: 5/5
  3292 | D:4      | Noticed Dowan
  3292 | D:4      | Noticed Duvessa
  3320 | D:4      | Killed Duvessa
  3344 | D:4      | Killed Dowan
  3345 | D:4      | Reached skill level 5 in Fighting
  3502 | D:4      | Reached XP level 7. HP: 61/61 MP: 6/6
  3874 | D:4      | Reached skill level 5 in Armour
  3894 | D:4      | Found a shimmering altar of Xom.
  4139 | D:5      | Entered Level 5 of the Dungeon
  4157 | D:5      | Reached skill level 5 in Maces & Flails
  4195 | D:5      | Found a sand-covered staircase.
  4290 | Ossuary  | Entered an ossuary
  4978 | Ossuary  | Reached XP level 8. HP: 66/70 MP: 7/7
  5032 | Ossuary  | Reached **** piety under Dithmenos
  6149 | D:5      | Found a blossoming altar of Fedhas.
  6310 | D:5      | Found an ancient bone altar of Kikubaaqudgha.
  6771 | D:6      | Reached XP level 9. HP: 79/79 MP: 8/8
  6794 | D:6      | Found a hazy altar of Hepliaklqana.
  6879 | D:6      | Found a staircase to the Ecumenical Temple.
  7147 | D:6      | Found a shadowy altar of Dithmenos.
  7675 | D:7      | Found a runed translucent gate.
  7675 | D:7      | Found a runed translucent gate.
  7675 | D:7      | Found a runed translucent gate.
  7771 | D:7      | Reached skill level 10 in Maces & Flails
  8058 | D:7      | Found a radiant altar of Vehumet.
  8212 | D:7      | Noticed tyreese12's ghost (novice MiFi)
  8381 | D:7      | Found a snail-covered altar of Cheibriados.
  8421 | D:7      | Found an iron altar of Okawaru.
  8715 | D:7      | Killed tyreese12's ghost
  8716 | D:7      | Reached XP level 10. HP: 53/90 MP: 9/9
  8887 | D:8      | Noticed Maggie
  8913 | D:8      | Killed Maggie
  9089 | D:8      | Reached ***** piety under Dithmenos
  9134 | D:8      | Found Buaklur's General Store.
  9136 | D:8      | Noticed Psyche
  9160 | D:8      | Killed Psyche
  9192 | D:8      | Found an opulent altar of Gozag.
  9309 | D:8      | Found a white marble altar of Elyvilon.
  9421 | D:8      | Noticed a two-headed ogre
  9422 | D:8      | Noticed spheroid's ghost (novice MiFi)
  9423 | D:8      | Noticed a green ugly thing
  9429 | D:8      | Found a runed translucent gate.
  9429 | D:8      | Found a runed translucent gate.
  9430 | D:8      | Noticed a cyclops
  9431 | D:8      | Found a runed translucent gate.
  9475 | D:8      | Found Focuost's Assorted Antiques.
  9579 | D:8      | Found a broken altar of Ashenzari.
  9940 | D:9      | Found Yhywyweuho's Distillery.
  9984 | D:9      | Reached skill level 10 in Fighting
 10019 | D:9      | Bought a potion of curing for 39 gold pieces
 10019 | D:9      | Bought a potion of cancellation for 104 gold pieces
 10101 | D:9      | Noticed a two-headed ogre
 10142 | D:9      | Killed a two-headed ogre
 10143 | D:9      | Reached skill level 10 in Armour
 10192 | D:9      | Found a sacrificial altar of Ru.
 10328 | D:9      | Noticed a two-headed ogre
 10373 | D:8      | Killed a two-headed ogre
 10374 | D:8      | Reached XP level 11. HP: 57/101 MP: 10/10
 11122 | D:10     | Entered Level 10 of the Dungeon
 11122 | D:10     | Noticed a two-headed ogre
 11141 | D:9      | Killed a two-headed ogre
 11142 | D:9      | Reached skill level 5 in Ranged Weapons
 11447 | D:10     | Found a staircase to the Lair.
 11466 | D:10     | Noticed a two-headed ogre
 11503 | D:10     | Killed a two-headed ogre
 11565 | D:10     | Found a hide-covered altar of Uskayaw.
 11786 | D:10     | Identified the +5 ring mail of Xom's Esteem {rElec}
 11881 | D:8      | Killed a green ugly thing
 11886 | D:8      | Killed a two-headed ogre
 11899 | D:8      | Killed spheroid's ghost
 12071 | Lair:1   | Entered Level 1 of the Lair of Beasts
 12271 | Lair:1   | Reached XP level 12. HP: 112/112 MP: 11/11
 12374 | Lair:1   | Reached skill level 10 in Shields
 12429 | Lair:1   | Reached ****** piety under Dithmenos
 13279 | Lair:2   | Found a hole to the Spider Nest.
 13430 | Lair:2   | Noticed Urug
 13470 | Lair:2   | Killed Urug
 13551 | Lair:2   | Noticed a six-headed hydra
 13566 | Lair:2   | Killed a six-headed hydra
 14334 | Lair:3   | Found a runed translucent door.
 14337 | Lair:3   | Noticed Cuisch's ghost (journeyman KoBr)
 14337 | Lair:3   | Identified the +8 trident "Backscratcher" {heavy, rN+ MP+9}
 14340 | Lair:3   | Identified the ring "Yrad" {rCorr SInv}
 14361 | Lair:3   | Noticed a seven-headed hydra
 14371 | Lair:3   | Killed a seven-headed hydra
 14580 | Lair:3   | Reached skill level 10 in Ranged Weapons
 14580 | Lair:3   | Reached XP level 13. HP: 118/124 MP: 12/12
 14652 | Lair:3   | Reached skill level 1 in Dodging
 14703 | Lair:3   | Found a staircase to the Shoals.
 15317 | Lair:3   | HP: 4/96 [spriggan rider/+0 spear (5)]
 15320 | Lair:3   | Killed Cuisch's ghost
 15323 | Lair:3   | HP: 5/102 [poisoned by Cuisch's ghost]
 15326 | Lair:3   | Slain by a spriggan rider

Illustrated notes

Levels and vault maps discovered:
D:1:      onia_arrival_pyramid, layout_loops_ring,
          hellmonk_ecumenical_altar_arch_garden,
          amcnicky_mini_rare_corridor_liquid, minmay_pentomino_u2
D:2:      layout_basic, serial_shops, nicolae_shop_just_a_little_nook,
          nicolae_lakefront_shop, shop, shop, chequers_serial_rivers_room_a,
          corner_web_ring, minivault_27, grunt_ministairs_5, uniq_natasha,
          uniq_robin
D:3:      layout_loops_corners, serial_undead, serial_undead_f, serial_undead_d,
          serial_undead_a, serial_undead_d, serial_undead_c
D:4:      layout_basic, mainiacjoe_overflow_catwalk, uniq_duvessa
D:5:      nicolae_cairo_tiling, layout_loops_cross,
          fedhas_bush_and_centaur_altar, nicolae_kikubaaqudgha_miasma_corner,
          gup_ossuary_entry_pyramid
D:6:      layout_loops_cross, nicolae_dithmenos_shadow_blocks,
          mainiacjoe_overflow_paths, minmay_temple_entry_antechambers,
          dreamdust_mushroom_princess, serial_park_tiny_1, roderic_lattice_a,
          kennysheep_generic_room_2
D:7:      layout_loops_corners, overflow_temple_1_default,
          mainiacjoe_overflow_alcove_4, kennysheep_okawaru_gauntlet,
          gammafunk_ghost_nasty_kobolds, hangedman_decor_diamond_cutter
D:8:      layout_basic, mainiacjoe_overflow_alcove_1, grunt_gozag_breadcrumbs,
          mainiacjoe_overflow_cross_hatched, serial_shops,
          nicolae_shop_hallway_plus, gammafunk_ghost_split,
          nicolae_inconvenience_store, uniq_psyche, uniq_maggie
D:9:      layout_basic, nicolae_ru_sacrificial_ziggurat, serial_shops,
          nicolae_shop_industrial_runoff
D:10:     layout_rooms, nicolae_uskayaw_suspiria, lair_entry_dummy,
          chequers_arboretum, minivault_14
Lair:1:   layout_hall_layers
Lair:2:   layout_roguey, spider_nest_entry_webs, lemuel_another_geyser,
          uniq_urug
Lair:3:   lemuel_reptile_caves, layout_regular_city, elwin_shoals_entry_rooms,
          ebering_ghost_funeral_grove

Skill      XL: |  1  2  3  4  5  6  7  8  9 10 11 12 13 |
---------------+----------------------------------------+-----
Shields        | 4 5 6 7 9 12 | 12.3
Maces & Flails | 3 4 5 8 11 13 14 | 14.1
Fighting       | 4 5 7 8 10 12 14 | 14.2
Armour         | 4 5 7 8 10 | 10.3
Ranged Weapons | 1 2 4 7 10 | 10.0
Dodging        | 2 |  2.8

Action                     |  1- 3 |  4- 6 |  7- 9 | 10-12 | 13-15 || total
---------------------------+-------+-------+-------+-------+-------++-------
  Melee: Flail             |    85 |   137 |   312 |       |       ||   534
         Headbutt          |    13 |    22 |    76 |   173 |    15 ||   299
         Mace              |       |       |    45 |   656 |       ||   701
         Unarmed           |       |       |       |     4 |       ||     4
         Eveningstar       |       |       |       |   104 |    83 ||   187
   Fire: Sling             |       |    40 |    88 |   213 |    13 ||   354
  Throw: Dart              |       |       |       |     2 |       ||     2
 Invoke: Shadow Form       |       |       |       |       |     1 ||     1
    Use: Potion            |       |     2 |     1 |     8 |     2 ||    13
         Scroll            |       |       |    11 |     6 |     1 ||    18
   Stab: Invisible         |       |       |       |       |     2 ||     2
 Armour: Scale mail        |    46 |    45 |    68 |       |       ||   159
         Pearl dragon scal |       |       |    93 |   319 |    39 ||   451
  Dodge: Dodged            |    41 |    68 |   158 |   305 |    39 ||   611
  Block: Buckler           |    17 |    26 |    90 |   115 |       ||   248
         Kite shield       |       |       |       |   169 |    52 ||   221
